 Dungeon Crawl Stone Soup version 0.13.0-26-gf7ffa3a (webtiles) character file.

728 Malachi the Cleaver (level 6, -8/56 HPs)
             Began as a Deep Dwarf Berserker on Oct 31, 2013.
             Was an Elder of Trog.
             Mangled by an ogre
             ... wielding a +0,+0 giant club
              (20 damage)
             ... on Level 5 of the Dungeon.
             The game lasted 00:05:55 (2712 turns).

Malachi the Cleaver (Deep Dwarf Berserker)          Turns: 2712, Time: 00:05:56

HP  -8/56        AC  6     Str 23      XL: 6   Next: 92%
MP   5/5         EV 12     Int  7      God: Trog [****..]
Gold 235         SH  0     Dex 12      Spells:  0 memorised,  5 levels left

Res.Fire  : + . .   See Invis. : .   a - +0 dwarf hand axe {=f}
Res.Cold  : . . .   Warding    : .   n - +2 robe {rF+}
Life Prot.: . . .   Conserve   : .   (no shield)
Res.Poison: .       Res.Corr.  : .   i - +1 dwarf horned helmet
Res.Elec. : .       Clarity    : .   (no cloak)
Sust.Abil.: . .     Spirit.Shd : .   (no gloves)
Res.Mut.  : .       Stasis     : .   (no boots)
Res.Rott. : .       Flight     : .   (no amulet)
Saprovore : . . .                    (no ring)
                                     (no ring)

@: non-regenerating, somewhat resistant to hostile enchantments, unstealthy
A: damage resistance, recharge devices, sense surroundings 1, slow healing 3
a: Device Recharging, Burn Spellbooks, Berserk, Trog's Hand, Brothers in Arms,
Renounce Religion


You were on level 5 of the Dungeon.
You worshipped Trog.
Trog was greatly pleased with you.
You were very hungry.

You visited 1 branch of the dungeon, and saw 5 of its levels.

You collected 215 gold pieces.

Inventory:

Hand weapons
 a - a +0,+0 dwarven hand axe (weapon) {=f}
 G - a +0 blowgun
Missiles
 F - 4 curare-tipped needles
Armour
 b - a +0 animal skin
 i - a +1 dwarven horned helmet (worn)
 n - a +2 robe of fire resistance (worn)
Magical devices
 c - a wand of heal wounds (5)
 E - a wand of flame (18) {unknown}
Comestibles
 d - 3 bread rations
 f - a pear
 h - 29 grapes
Scrolls
 e - 7 scrolls of identify {unknown}
 g - 6 scrolls of remove curse {unknown}
 j - a scroll of fear {unknown}
 l - 3 scrolls of enchant armour {unknown}
 q - 3 scrolls of blinking {unknown}
 r - 2 scrolls of teleportation {unknown}
 u - a scroll of enchant weapon II {unknown}
 v - a scroll of amnesia {unknown}
 w - a scroll of curse weapon {unknown}
 x - a scroll of magic mapping {unknown}
 y - a scroll of recharging {unknown}
Jewellery
 C - a +2 ring of evasion {unknown}
Potions
 k - 2 potions of degeneration {unknown}
 m - 2 potions of paralysis {unknown}
 o - a potion of speed {unknown}
 p - a potion of slowing {unknown}
 s - a potion of heal wounds {unknown}
 t - 2 potions of curing {unknown}
 z - a potion of magic {unknown}
 A - a potion of cure mutation {unknown}
 B - a potion of brilliance {unknown}
 D - 2 potions of restore abilities {unknown}
 H - a potion of mutation {unknown}


   Skills:
 - Level 2.6 Fighting
 * Level 8.6 Axes
 - Level 2.1 Armour
 - Level 2.1 Dodging
 - Level 0.3 Stealth


You had 5 spell levels left.
You didn't know any spells.

Dungeon Overview and Level Annotations

Branches:
Dungeon (5/27)
 Temple: D:4-7

Altars:
Elyvilon
Makhleb
Vehumet
Xom
Zin


Innate Abilities, Weirdness & Mutations

You are resistant to damage.
You can recharge devices by infusing magical energy.
You passively map a small area around you.
You do not heal naturally.


Message History

The hound barely misses you.
You barely miss the hound.
The hound is heavily wounded.
The hound barely misses you. The hound bites you but does no damage.
You completely miss the hound.
The hound is heavily wounded.
The hound barely misses you.
You slash the hound!
You kill the hound!
Trog accepts your kill.
You hit the ogre.
The ogre is moderately wounded.
The ogre hits you with a giant club!
* * * LOW HITPOINT WARNING * * *
You hit the ogre.
The ogre is heavily wounded.
You hit the ogre.
The ogre is severely wounded.
The ogre hits you with a giant club!
You die...

.##...#..#?#. ,
............... ,
..........#.#.#
.##.....<......,
,
...........#.#.#.
.................
*
##...###.$.#.#.#.
* # * #O#.......
#@####### * *
#.#### *
###....##
#.......#
#.#.#.#.# , ,
####.......# * ,
......#.#.#.#,
#.###.......#
..., #.#.#.#.#


You could see an ogre.

Vanquished Creatures
  A giant frog (D:3)
  A crimson imp (D:4)
  2 hounds
  A giant frog skeleton (D:2)
  2 scorpions (D:4)
  An iguana (D:4)
  Jessica (D:3)
  4 gnolls (D:3)
  6 adders
  A worm (D:2)
  4 giant geckos
  An ooze (D:2)
  3 orcs (D:4)
  2 ball pythons
  7 giant cockroaches
  13 goblins
  13 hobgoblins
  14 kobolds
  2 quokkas (D:3)
  11 bats
  7 giant newts
  4 jackals (D:2)
  7 rats
108 creatures vanquished.

Notes
Turn   | Place    | Note
--------------------------------------------------------------
     0 | D:1      | Malachi, the Deep Dwarf Berserker, began the quest for the Orb.
     0 | D:1      | Reached XP level 1. HP: 21/21 MP: 0/0
    61 | D:1      | Reached skill level 4 in Axes
    61 | D:1      | Reached XP level 2. HP: 22/28 MP: 1/1
   217 | D:1      | Acquired Trog's second power
   465 | D:1      | Reached XP level 3. HP: 25/34 MP: 2/2
   734 | D:2      | Reached skill level 5 in Axes
   795 | D:2      | Reached XP level 4. HP: 17/43 MP: 3/3
  1378 | D:2      | Reached skill level 6 in Axes
  1378 | D:2      | Reached XP level 5. HP: 17/49 MP: 4/4
  1796 | D:3      | Reached skill level 7 in Axes
  1796 | D:3      | Reached XP level 6. HP: 34/56 MP: 5/5
  1848 | D:3      | Noticed Jessica
  1852 | D:3      | Killed Jessica
  1858 | D:3      | Found a white marble altar of Elyvilon.
  1860 | D:3      | Found a radiant altar of Vehumet.
  1862 | D:3      | Found a glowing silver altar of Zin.
  2295 | D:4      | Acquired Trog's third power
  2366 | D:4      | Found a burning altar of Makhleb.
  2367 | D:4      | Found a shimmering altar of Xom.
  2371 | D:4      | Reached skill level 8 in Axes
  2646 | D:5      | Entered Level 5 of the Dungeon
  2712 | D:5      | Mangled by an ogre

Action                   |  1- 3 |  4- 6 || total
-------------------------+-------+-------++-------
Melee: Hand axe          |   112 |   231 ||   343
Invok: Trog's Hand       |     1 |     6 ||     7
       Berserk           |       |     1 ||     1
 Stab: Sleeping          |       |     3 ||     3
